 Dungeon Crawl Stone Soup version 0.15.2 (webtiles) character file.

134 LetoII the Insei (level 4, 0/35 HPs)
             Began as a Mummy Monk on Nov 7, 2015.
             Slain by an orc
             ... wielding a +0 hand axe
              (3 damage)
             ... on Level 3 of the Dungeon.
             The game lasted 00:04:00 (3069 turns).

LetoII the Insei (Mummy Monk)                       Turns: 3069, Time: 00:04:01

HP   0/35        AC  2     Str 14      XL: 4   Next: 95%
MP   4/4         EV 13     Int  9      God:
Gold 107         SH  0     Dex 15      Spells:  0 memorised,  3 levels left

rFire  x . .     SeeInvis .       - Unarmed
rCold  + + .     Clarity  .     a - +0 robe
rNeg   + + +     rCorr    .     (no shield)
rPois  +         rRot     +     (no helmet)
rElec  .         Spirit   .     (no cloak)
SustAb .         Warding  .     (no gloves)
rMut   .         Stasis   .     (no boots)
Gourm  .                        (no amulet)
MR     .....                    (no ring)
                                d - ring of protection from cold

@: not resistant to hostile enchantments, unstealthy
A: no food or potions, fire vulnerability, restore body, cold resistance 1,
negative energy resistance 3, poison resistance, torment resistance, unbreathing
a: no special abilities


You were on level 3 of the Dungeon.
You were not hungry.

You visited 1 branch of the dungeon, and saw 3 of its levels.

You collected 107 gold pieces.


Innate Abilities, Weirdness & Mutations

You do not eat or drink.
Your flesh is vulnerable to fire.
Your flesh is cold resistant.
You are immune to negative energy.
Your system is resistant to poisons.
You are immune to unholy pain and torment.
You can survive without breathing.


   Skills:
 + Level 3.0 Fighting
 - Level 2.4 Dodging
 - Level 1.5 Stealth
 - Level 5.2 Unarmed Combat


You had 3 spell levels left.
You didn't know any spells.

Inventory:

Missiles
 g - 20 poisoned needles (quivered)
Armour
 a - a +0 robe (worn)
Scrolls
 b - 2 scrolls of amnesia {unknown}
 c - 4 scrolls of identify {unknown}
 e - a scroll of recharging {unknown}
 f - a scroll of remove curse {unknown}
 h - 2 scrolls of enchant weapon {unknown}
 i - a scroll of magic mapping {unknown}
Jewellery
 d - a ring of protection from cold (left hand)

Dungeon Overview and Level Annotations

Branches:
Dungeon (3/15)

Altars:

Annotations:
D:2 Terence

≈♣♣♣≈..##.....#.........'...#.###
≈ ♣≈.###.....#..B......#####.#.w
≈♣♣♣≈≈# #.....'....####.......#.#
≈≈≈≈≈≈# #.....##...####'#####.#.#
≈≈≈%≈.###.....####o.........#.#w#
≈≈≈≈≈≈##......# #..........#...#
≈♣♣♣≈≈##......# #..........#####
≈♣ ♣≈.##......####..........#
≈♣♣♣≈.##.....oBoM'..........#
≈≈≈≈≈≈##......####...##+#####
..≈≈.≈(.......# #....#
.......#...#### #....#
############ #%..## #...+ #...#
#...# #...#


You could see 2 orcs and a giant cockroach.


Message History

The orc hits you with a hand axe.
* * * LOW HITPOINT WARNING * * *
You enter the shallow water.
You enter the shallow water.
The orc hits you with a hand axe.
* * * LOW HITPOINT WARNING * * *
You enter the shallow water.
There is an open door here.
Drop what? (_ for help) (? for menu, Esc to quit)
Okay, then.
There is an open door here.
The giant cockroach waves its antennae.
Something unseen opens the door.
There is an open door here.
You punch the orc!
The orc is almost dead.
The orc hits you with a hand axe.
* * * LOW HITPOINT WARNING * * *
You closely miss the orc.
The orc is almost dead.
The orc hits you with a hand axe.
* * * LOW HITPOINT WARNING * * *
You completely miss the orc.
The orc is almost dead.
The orc closely misses you.
You barely miss the orc.
The orc is almost dead.
You closely miss the orc.
The orc is almost dead.
The orc hits you with a hand axe.
You die...

Action                   |  1- 3 |  4- 6 || total
-------------------------+-------+-------++-------
Melee: Unarmed           |   149 |    73 ||   222
 Stab: Sleeping          |     3 |       ||     3

Vault maps used:
D:1:      dpeg_arrival_simpleton_c, serial_glass, glass_columns_c,
          glass_columns_a, glass_columns_b, glass_columns_a, glass_columns_b,
          glass_columns_b
D:2:      uniq_terence
D:3:      first_bread, kennysheep_boxes

Notes
Turn   | Place    | Note
--------------------------------------------------------------
     0 | D:1      | LetoII, the Mummy Monk, began the quest for the Orb.
     0 | D:1      | Reached XP level 1. HP: 18/18 MP: 1/1
   225 | D:1      | Reached XP level 2. HP: 18/24 MP: 2/2
  1076 | D:2      | Reached skill level 4 in Unarmed Combat
  1346 | D:2      | Reached XP level 3. HP: 9/29 MP: 3/3
  1742 | D:2      | Noticed Terence
  2282 | D:3      | Reached XP level 4. HP: 30/35 MP: 4/4
  2967 | D:3      | Reached skill level 5 in Unarmed Combat
  3017 | D:3      | HP: 3/35 [orc/hand axe (4)]
  3066 | D:3      | HP: 3/35 [orc/hand axe (2)]
  3069 | D:3      | Slain by an orc

Vanquished Creatures
  An orc priest (D:3)
  4 adders
  A worm (D:3)
  An ooze (D:2)
  3 orcs (D:3)
  5 giant cockroaches
  6 hobgoblins
  7 jackals
  2 kobolds (D:3)
  2 quokkas
  A ball python (D:2)
  5 bats
  3 giant newts
  6 goblins
  11 rats
58 creatures vanquished.
